Unix NetHack Version 5.0.0-0 post-release - last build Jun 10 2026 00:39:30 (3ee93aec679c4c4259841fe613dc97188e26a321,branch:main).

Game began 2026-06-15 15:02:43, ended 2026-06-15 18:25:12.

CyberFan, chaotic male orcish Barbarian

   |
   |..
   |.. g
   |..
   |..
   |..  |
   |....|
   |...
   |H%0 |
   |.@..|
   ------

CyberFan the Brigand       St:18/06 Dx:18 Co:18 In:8 Wi:10 Ch:8  Chaotic
Dlvl:23 $:3996 HP:0(98) Pw:18(18) AC:-6 Xp:11/14910 T:16765  Stun

Latest messages:
 The titan hits!
 The titan points at you, then curses.
 The titan hits!
 The titan points at you, then curses.
 What do you want to write with? [- cginq-sv-zE-GIJN-PTX-Z or ?*]
 The wand is too worn out to engrave.
 The killer bee misses!
 The titan hits!
 The titan casts a spell!
 A monster appears from nowhere!
 The killer bee stings!
 The titan hits!
 The titan points at you, then curses.
 You kill the killer bee!
 You kill the killer bee!
 The titan hits!
 The titan points all around, then curses.
 The killer bee misses!
 The flaming sphere explodes!
 Boom!
 The titan is caught in the flaming sphere's explosion!
 The titan resists the flaming sphere's explosion!
 The killer bee is caught in the flaming sphere's explosion!
 The killer bee is killed!
 You are caught in the flaming sphere's explosion!
 Your cloak smoulders completely!
 Your oil lamp catches light!
 Your scroll of amnesia catches fire and burns!
 You aren't hurt!
 One of your swirly potions boils and explodes!
 Your scroll of identify catches fire and burns!
 You aren't hurt!
 The titan hits!
 The titan points all around, then curses.
 The titan hits!
 The titan casts a spell at you!
 You reel...
 The titan hits!
 The titan points all around, then curses.
 #
 You begin praying to Set.
 The titan hits!
 The titan points at you, then curses.
 The titan hits!
 The titan points all around, then curses.
 The titan hits!
 The titan casts a spell!
 The titan looks better.
 The titan hits!
 You die...

Inventory:
 Coins    ('$')
  $ - 3996 gold pieces
 Amulets  ('"')
  e - a cursed amulet of change
  A - a cursed amulet of strangulation
  p - an uncursed amulet versus poison
 Weapons  (')')
  c - the blessed rustproof +6 Cleaver (weapon in hands)
  r - an uncursed +0 elven broadsword
 Armor    ('[')
  D - an uncursed +0 dwarvish iron helm (being worn)
  u - an uncursed +0 pair of gauntlets of dexterity (being worn)
  l - an uncursed +0 pair of leather gloves
  m - an uncursed +0 pair of kicking boots (being worn)
  b - an uncursed thoroughly burnt +0 elven cloak (being worn)
  V - a blessed greased +3 silver dragon scale mail (being worn)
 Comestibles  ('%')
  f - 7 uncursed food rations
  h - 10 uncursed lumps of royal jelly
  L - an uncursed pancake
  H - an uncursed tripe ration
 Potions  ('!')
  d - an uncursed potion of object detection
 Rings    ('=')
  N - a cursed ring of aggravate monster
  z - a cursed ring of conflict
  g - a cursed ring of polymorph
  J - an uncursed ring of polymorph control
  n - a cursed ring of regeneration
  x - an uncursed ring of shock resistance (on right hand)
  G - an uncursed ring of shock resistance
  Y - a cursed ring of stealth
  s - a cursed ring of teleportation
 Wands    ('/')
  X - an uncursed wand of cold (0:0)
  T - an uncursed wand of digging (0:0)
  w - an uncursed wand of fire (0:0)
  P - a cursed wand of lightning (0:4)
  E - an uncursed wand of make invisible (0:4)
  q - an uncursed wand of make invisible (0:1)
  Z - an uncursed wand of speed monster (0:8)
  F - an uncursed wand of speed monster (0:6)
  y - an uncursed wand of striking (0:0)
 Tools    ('(')
  C - an uncursed bag of holding containing 19 items
  t - an uncursed tooled horn
  K - a blessed oil lamp (lit)
  W - a blessed +0 unicorn horn
 Gems/Stones  ('*')
  O - an uncursed jet stone
  i - an uncursed obsidian stone
  I - an uncursed turquoise stone
  v - a blessed luckstone

Contents of the bag of holding:
  an uncursed burnt +0 elven cloak
  an uncursed cram ration
  3 uncursed tripe rations
  an uncursed scroll of amnesia
  4 uncursed scrolls of blank paper
  a cursed scroll of blank paper
  a cursed scroll of charging
  an uncursed scroll of confuse monster
  2 uncursed scrolls of destroy armor
  an uncursed scroll of earth
  a cursed scroll of enchant armor
  2 uncursed scrolls of enchant weapon
  a cursed scroll of enchant weapon
  an uncursed scroll of food detection
  2 uncursed scrolls of identify
  a blessed scroll of light
  a cursed scroll of light
  3 uncursed scrolls of remove curse
  2 potions of holy water

CyberFan the Barbarian's attributes:

Background:
 You were a Brigand, a level 11 male orcish Barbarian.
 You were chaotic, on a mission for Set
 who was opposed by Mitra (lawful) and Crom (neutral).
 You were right-handed.
 You were in the Dungeons of Doom, on level 23.
 You entered the dungeon 16765 turns ago.
 There was a new moon in effect when your adventure ended.
 You had 14910 experience points, 5090 more were needed to attain level 12.

Basics:
 You had 0 out of 98 hit points.
 You had all 18 energy points (spell power).
 Your armor class was -6.
 Your wallet contained 3996 zorkmids.
 Autopickup was on for '$%?!"=/*' plus thrown, with exceptions.

Final Characteristics:
 Your strength was 18/06 (limit:18/50).
 Your dexterity was 18 (limit:18).
 Your constitution was 18 (limit:18).
 Your intelligence was 8 (limit:16).
 Your wisdom was 10 (limit:16).
 Your charisma was 8 (limit:16).

Final Status:
 You were stunned.
 You weren't hungry.
 You were unencumbered.
 You were wielding an axe.
 You had expert skill with axe.

Final Attributes:
 You were piously aligned.
 You were fire resistant.
 You were cold resistant.
 You were shock resistant.
 Your items were protected from electric shocks.
 You were poison resistant.
 You were telepathic.
 You had infravision.
 You were stealthy.
 You were warded.
 You had reflection.
 You were very lucky.
 You had extra luck.
 Good luck did not time out for you.
 You are dead.

Miscellaneous:
 You disabled loading and storing of bones levels.
 Total elapsed playing time was 1 hour, 52 minutes and 42 seconds.

Major events:
 Turn
    1: CyberFan the chaotic male orcish Barbarian entered the dungeon
  830: entered the Gnomish Mines
 1031: attained the rank of Pillager (level 3)
 2131: reached Mine Town
 2188: attained the rank of Bandit (level 6)
 2544: made his first wish - "blessed greased +2 silver dragon scale mail", got "a greased silver dragon scale mail"
 3294: entered Sokoban
 3907: was bestowed with Cleaver by Set
 4429: completed 1st Sokoban level
 4834: killed Juiblex
 5280: completed 2nd Sokoban level
 5542: completed 3rd Sokoban level
 6427: completed 4th Sokoban level
 6543: acquired the Sokoban bag of holding
 6737: attained the rank of Brigand (level 10)
16765: killed by a titan, while praying

Spells:
 Name                 Level Category     Fail Retention
 magic missile          2   attack       100%    1%-25%

Skills:
 Fighting Skills
   bare handed combat [Basic]
   two weapon combat  [Unskilled]
   riding             [Unskilled]
 Weapon Skills
   dagger             [Unskilled]
   axe                [Expert]
   pick-axe           [Unskilled]
   short sword        [Unskilled]
   broadsword         [Basic]
   long sword         [Unskilled]
   two-handed sword   [Basic]
   saber              [Unskilled]
   club               [Unskilled]
   mace               [Unskilled]
   morning star       [Unskilled]
   flail              [Unskilled]
   hammer             [Unskilled]
   quarterstaff       [Unskilled]
   spear              [Unskilled]
   trident            [Unskilled]
   bow                [Unskilled]
 Spellcasting Skills
   attack spells      [Unskilled]
   escape spells      [Unskilled]

Voluntary challenges:
 Character rerolling was not enabled.
 You never genocided any monsters.
 You never polymorphed an object.
 You never changed form.
 You used 1 wish.
 You did not wish for any artifacts.
 You violated the special Sokoban rules once.
Achievements:
 You entered the Gnomish Mines.
 You attained the rank of Pillager.
 You entered Minetown.
 You attained the rank of Bandit.
 You entered a shop.
 You entered a temple.
 You entered Sokoban.
 You completed Sokoban.
 You attained the rank of Brigand.

 The Dungeons of Doom: levels 1 to 23
    Level 1:
       A fountain, a sink.
    Level 2:
       Some graves.
    Level 3:
       Some altars, a fountain.
       Stairs down to The Gnomish Mines.
    Level 4:
       Some fountains.
    Level 5:
    Level 6:
       Many fountains.
       Oracle of Delphi.
    Level 7:
       A general store, many altars.
       Stairs up to Sokoban, level 6.
    Level 8:
       Some fountains.
    Level 9:
       A general store, a fountain.
    Level 10:
       A fountain.
    Level 11:
    Level 12:
       A grave.
       Summoned by Pelias.
    Level 13:
       Many fountains, many trees.
    Level 14:
       A general store, a fountain.
    Level 15:
       A fountain, a grave.
    Level 16:
       A sink.
    Level 17:
       Many fountains, a grave.
    Level 18:
       A primitive area.
    Level 19:
       Some fountains.
    Level 20:
       A fountain.
    Level 21:
    Level 22:
    Level 23: <- You were here.
       Final resting place for
          you, killed by a titan, while praying.
 The Gnomish Mines: levels 4 to 7
    Level 4:
    Level 5:
    Level 6:
    Level 7:
       Many shops, a temple and an altar, some fountains, a tree.
 Sokoban: levels 6 up to 3
    Level 3:
       Solved.
    Level 4:
       Solved.
    Level 5:
       Solved.
    Level 6:
       Solved.


Vanquished creatures:
    Juiblex
  a trapper
  a nurse
  a ghost
  3 queen bees
  a giant mimic
  3 ice trolls
  a rock troll
  a doppelganger
  a large mimic
  a water elemental
  a hill giant
 an elf-noble
  2 wargs
  5 small mimics
  2 ettin mummies
  2 quantum mechanics
 13 trolls
  2 pyrolisks
  a freezing sphere
  3 flaming spheres
  3 tengu
  3 ochre jellies
  a stone giant
  2 human mummies
  2 wraiths
  2 ettin zombies
  2 Grey-elves
  2 soldiers
  a chameleon
  a giant beetle
  2 quivering blobs
  6 cockatrices
  a wolf
  9 winter wolf cubs
  a lynx
  a panther
  3 leprechauns
  2 orc-captains
  2 giant spiders
  2 scorpions
  a horse
  2 ice vortices
  2 black lights
  5 vampire bats
  a forest centaur
  3 gnome rulers
  2 orc mummies
  4 owlbears
  2 yetis
  2 gold golems
  a werewolf
  3 Green-elves
  4 lizards
  a dog
  a jaguar
  3 white unicorns
  a dust vortex
  a raven
  2 plains centaurs
  2 gnome mummies
  2 snakes
 an ape
  a human zombie
  2 soldier ants
  4 fire ants
 10 bugbears
  6 wood nymphs
  4 Mordor orcs
  3 Uruk-hai
  2 rock piercers
  2 rock moles
  a pony
  2 fog clouds
  2 yellow lights
  2 shriekers
 10 gnome leaders
  a gnomish wizard
  4 kobold mummies
  5 gray oozes
 an elf zombie
  2 paper golems
  5 giant ants
  3 little dogs
  5 floating eyes
  a kitten
  8 dwarves
  4 kobold leaders
  2 kobold shamans
  a hill orc
  3 rothes
  3 giant bats
 an orc zombie
  a dwarf zombie
 12 iguanas
 31 killer bees
  a coyote
  2 gas spores
  2 hobbits
  a large kobold
  5 hobgoblins
  6 giant rats
  a cave spider
  a brown mold
  a green mold
 19 gnomes
  3 garter snakes
  a gnome zombie
 11 geckos
 11 jackals
  a fox
  2 kobolds
  2 goblins
  2 grid bugs
  4 bats
  a lichen
  a kobold zombie
 11 newts
374 creatures vanquished.

No species were genocided or became extinct.

Game over:
                       ----------
                      /          \
                     /    REST    \
                    /      IN      \
                   /     PEACE      \
                  /                  \
                  |     CyberFan     |
                  |     3996 Au      |
                  |   killed by a    |
                  |      titan       |
                  |                  |
                  |                  |
                  |       2026       |
                 *|     *  *  *      | *
        _________)/\\_//(\/(/\)/\//\/|_)_______

Goodbye CyberFan the Barbarian...

You died in The Dungeons of Doom on dungeon level 23 with 66023 points,
and 3996 pieces of gold, after 16765 moves.
You were level 11 with a maximum of 98 hit points when you died.

